 Dungeon Crawl Stone Soup version 0.30.1-11-g7821555f0a (webtiles) character file.

Game seed: 3598680814042667227

3524 Gumption the Evangelist (level 10, -5/90 HPs)
             Began as a Hill Orc Monk on Nov 16, 2023.
             Was an Elder of Beogh.
             Killed from afar by an electric eel (10 damage)
             ... with a bolt of electricity
             ... in a bailey.
             The game lasted 00:37:46 (6426 turns).

Gumption the Evangelist (Hill Orc Monk)             Turns: 6426, Time: 00:37:46

Health: -5/90      AC: 15    Str: 15    XL:     10   Next: 8%
Magic:  16/16      EV:  6    Int: 10    God:    Beogh [****..]
Gold:   307        SH:  6    Dex: 17    Spells: 9/9 levels left

rFire   . . .        a - +9 dagger "Saigyore" {elec, rCorr}
rCold   . . .        D - +0 buckler
rNeg    . . .        r - +0 plate armour
rPois   .            n - +0 helmet
rElec   .            (no cloak)
rCorr   +            p - +0 pair of gloves
SInv    .            (no boots)
Will    +....        o - amulet of the acrobat Stlth
                     E - ring of willpower
HPRegen 0.35/turn    (no ring)
MPRegen 0.15/turn

%: acrobat
@: no status effects
A: no striking features
a: Renounce Religion, Smiting, Recall Orcish Followers


You were in a bailey.
You worshipped Beogh.
Beogh was greatly pleased with you.
You visited 1 branch of the dungeon, and saw 7 of its levels.
You also visited: Sewer and Bailey.

You collected 307 gold pieces.

Inventory:

Hand Weapons
 a - the +9 dagger "Saigyore" (weapon) {elec, rCorr}
   (You found it on level 2 of the Dungeon)

   rCorr:     It protects you from acid and corrosion.
 s - a +0 scythe
 C - a +0 spear
 H - the +5 scythe "Finisher" {speed, execute}
   (You found it on level 7 of the Dungeon)
Missiles
 t - 15 poisoned darts (quivered)
 z - 5 javelins
 A - 2 curare-tipped darts
Armour
 n - a +0 helmet (worn)
 p - a +0 pair of gloves (worn)
 r - a +0 plate armour (worn)
 D - a +0 buckler (worn)
Jewellery
 o - an amulet of the acrobat (around neck)
 x - a ring of resist corrosion
 E - a ring of willpower (left hand)
Wands
 j - a wand of iceblast (10)
 v - a wand of quicksilver (9)
 y - a wand of paralysis (4)
Scrolls
 d - a scroll of brand weapon {unknown}
 e - 4 scrolls of teleportation
 i - a scroll of poison {unknown}
 k - a scroll of enchant weapon {unknown}
 m - a scroll of enchant armour {unknown}
 u - a scroll of immolation
 G - a scroll of vulnerability {unknown}
Potions
 b - 2 potions of lignification
 c - 2 potions of ambrosia
 f - 3 potions of heal wounds
 g - a potion of cancellation
 h - 3 potions of brilliance
 l - 2 potions of curing
 q - 2 potions of invisibility
 w - a potion of magic {unknown}
 B - 2 potions of flight
 F - a potion of mutation {unknown}


   Skills:
 + Level 8.5 Fighting
 - Level 4.0 Polearms
 + Level 6.8 Armour
 + Level 5.8 Dodging
 * Level 5.3 Shields
 * Level 8.8 Invocations


You had 9 spell levels left.
You didn't know any spells.
Your spell library contained the following spells:

 Spells                   Type           Power      Damage    Failure   Level
 Apportation              Tloc           0%         N/A       100%        1
 Necrotise                Necr           0%         1d4       100%        1
 Sandblast                Erth           0%         2d4       100%        1
 Sting                    Tmut/Pois      0%         1d3       100%        1
 Summon Small Mammal      Summ           0%         N/A       100%        1
 Passwall                 Tmut/Erth      0%         N/A       100%        2
 Poisonous Vapours        Pois/Air       0%         N/A       100%        2
 Sublimation of Blood     Necr           0%         N/A       100%        2
 Wereblood                Tmut           0%         N/A       100%        2
 Ozocubu's Armour         Ice            0%         N/A       100%        3
 Stone Arrow              Conj/Erth      0%         3d7       100%        3
 Olgreb's Toxic Radiance  Pois           0%         N/A       100%        4
 Metabolic Englaciation   Hex/Ice        0%         N/A       100%        5
 Simulacrum               Ice/Necr       0%         N/A       100%        6
 Ozocubu's Refrigeration  Ice            0%         4d7       100%        7
 Summon Hydra             Summ           0%         N/A       100%        7


Dungeon Overview and Level Annotations

Branches:
Dungeon (7/15)             Temple (0/1) D:4           Sewer (visited)
 Bailey (1/1)

Altars:
Okawaru
Sif Muna
Xom


Message History

Beogh accepts your kill.
Your orc warrior looks more experienced.
You barely miss the electric eel.
The electric eel shoots out a bolt of lightning at you!
The bolt of electricity hits you!
You closely miss the electric eel.
The electric eel shoots out a bolt of lightning at you!
The bolt of electricity hits you.
The electric eel shoots out a bolt of lightning at you!
The bolt of electricity hits you. x2
The bolt of electricity hits the electric eel.
The electric eel completely resists.
You barely miss the electric eel.
The electric eel shoots out a bolt of lightning at you!
The bolt of electricity hits you! x2
The bolt of electricity hits the electric eel.
The electric eel completely resists.
You puncture the electric eel!
The electric eel is heavily wounded.
The electric eel shoots out a bolt of lightning at you!
The bolt of electricity hits you!
* * * LOW HITPOINT WARNING * * *
The electric eel shoots out a bolt of lightning at you!
The bolt of electricity hits you!
* * * LOW HITPOINT WARNING * * *
The bolt of electricity hits you.
* * * LOW HITPOINT WARNING * * *
The bolt of electricity hits the electric eel.
The electric eel completely resists.
You strike the helpless electric eel from behind!
You puncture the electric eel!
The electric eel is almost dead.
The electric eel shoots out a bolt of lightning at you!
The bolt of electricity hits you.
* * * LOW HITPOINT WARNING * * *
The electric eel shoots out a bolt of lightning at you!
The bolt of electricity hits you.
* * * LOW HITPOINT WARNING * * *
The bolt of electricity hits you!
You die...

+..)..'..# +..)..'..#
≈≈≈≈≈≈
#..⌠).#..####+#≈≈≈≈≈≈
#.....#.....#.~≈≈≈≈≈≈
#.....#...8.#.~≈≈≈≈≈≈
#######.....#.~≈≈≈≈≈≈
####8.#.~≈≈≈≈≈≈
#..#.~≈≈≈≈≈≈
#8.#@S≈≈≈≈≈≈
#..#.~≈≈≈≈≈≈
#'##.~≈≈≈≈≈≈
#..#.~≈≈≈≈≈≈
#..#.~≈≈≈≈≈≈
#.)#)~≈≈≈≈≈≈
#).#.o≈≈≈≈S≈
#..#.o≈≈≈≈≈≈
##'#'#≈≈≈≈≈≈


You could see 2 electric eels and 2 friendly orc warriors.

Vanquished Creatures
  A skeletal warrior (D:7)
  Sigmund (D:3)
  Eustachio (D:5)
  2 wraiths (D:7)
  A water moccasin (D:7)
  3 black bears
  2 orc warriors
  3 kobold brigands
  A bullfrog (D:7)
  A gnoll sergeant (D:5)
  A scorpion (D:5)
  4 wights (D:5)
  2 hounds
  4 jellies
  2 orc priests
  A gnoll bouda (D:7)
  An iguana (D:6)
  4 orc wizards (D:7)
  17 gnolls
  7 adders
  2 river rats
  A shadow imp (D:5)
  A white imp (D:7)
  2 worms
  2 dart slugs (D:1)
  8 orcs
  9 endoplasms
  6 giant cockroaches
  14 goblins
  9 hobgoblins
  9 jackals
  18 kobolds
  4 quokkas
  8 ball pythons
  2 bats
  2 frilled lizards
  10 rats
  A butterfly (D:3)
167 creatures vanquished.

Vanquished Creatures (collateral kills)
  A shadow (D:6)
  A wraith (D:7)
  A sky beast (D:6)
  A centaur (D:6)
  An electric eel (Bailey)
  A jelly (D:6)
  A gnoll (D:7)
  An ufetubus (D:6)
  3 orcs
  3 goblins (Bailey)
14 creatures vanquished.

Vanquished Creatures (others)
  2 orc priests (D:7)
  An orc wizard (D:4)
  13 orcs
16 creatures vanquished.

Grand Total: 197 creatures vanquished

Notes
Turn   | Place    | Note
-------+----------+-------------------------------------------
     0 | D:1      | Gumption the Hill Orc Monk began the quest for the Orb.
     0 | D:1      | Reached XP level 1. HP: 19/19 MP: 1/1
   178 | D:1      | Reached XP level 2. HP: 15/27 MP: 2/2
   605 | D:1      | Reached skill level 1 in Armour
   609 | D:1      | Reached XP level 3. HP: 27/33 MP: 3/3
   688 | D:1      | Found a faded altar of an unknown god.
  1211 | D:2      | Identified the +9 dagger "Saigyore" {elec, rCorr}
  1724 | D:3      | Reached XP level 4. HP: 40/40 MP: 4/4
  1780 | D:3      | Noticed Sigmund
  1797 | D:3      | Killed Sigmund
  1798 | D:3      | Reached skill level 5 in Fighting
  1798 | D:3      | Reached XP level 5. HP: 25/48 MP: 5/5
  1798 | D:3      | Reached XP level 6. HP: 29/56 MP: 6/6
  1966 | D:3      | Found a shimmering altar of Xom.
  3369 | D:4      | Found a staircase to the Ecumenical Temple.
  3394 | D:4      | Became a worshipper of Beogh the Brigand
  3394 | D:4      | Reached * piety under Beogh
  3394 | D:4      | Reached ** piety under Beogh
  3399 | D:4      | Reached XP level 7. HP: 62/62 MP: 7/7
  3612 | D:5      | Entered Level 5 of the Dungeon
  3650 | D:5      | Noticed Eustachio
  3655 | D:5      | Reached skill level 1 in Invocations
  3684 | D:5      | Killed Eustachio
  3881 | D:5      | Reached XP level 8. HP: 63/71 MP: 10/10
  3889 | D:5      | Reached skill level 5 in Armour
  4030 | D:5      | Found a glowing drain.
  4035 | Sewer    | Entered a sewer
  4098 | Sewer    | Reached skill level 5 in Invocations
  4108 | Sewer    | Reached *** piety under Beogh
  4213 | Sewer    | Found a white marble altar of Elyvilon.
  4368 | D:5      | Reached skill level 5 in Dodging
  4481 | D:5      | Reached skill level 1 in Shields
  4903 | D:6      | Reached XP level 9. HP: 79/79 MP: 13/13
  4937 | D:6      | Found an iron altar of Okawaru.
  5494 | D:6      | Found a shimmering blue altar of Sif Muna.
  5749 | D:7      | Gained Bogfrid as an ally
  5816 | D:7      | Reached **** piety under Beogh
  5930 | D:7      | Noticed a skeletal warrior
  5934 | D:7      | Your ally Bogfrid died
  5954 | D:7      | HP: 4/81 [skeletal warrior/+0 dire flail (20)]
  5955 | D:7      | Killed a skeletal warrior
  6124 | D:7      | Found the +5 scythe "Finisher" {speed, execute}
  6170 | D:7      | Reached skill level 5 in Shields
  6180 | D:7      | Reached XP level 10. HP: 67/90 MP: 16/16
  6199 | D:7      | Found a flagged portal.
  6213 | Bailey   | Entered a bailey
  6426 | Bailey   | Killed from afar by an electric eel

Illustrated notes

Levels and vault maps discovered:
D:1:      minmay_arrival_split_and_join, layout_basic,
          hellmonk_ecumenical_altar_pennies_from_heaven
D:2:      layout_basic
D:3:      layout_basic, xom_butterflies, chequers_serial_rivers_micro_d,
          serial_bayou_lake_a, uniq_sigmund
D:4:      layout_cave_pools, minmay_temple_entry_poolview
D:5:      layout_basic, gup_sewer_entry_spiral, uniq_eustachio
D:6:      layout_loops_corners, led_sif_book, mainiacjoe_overflow_catwalk
D:7:      layout_basic, enter_bailey_3, serial_park_tiny_1,
          minmay_guarded_unrand_finisher
Bailey:   bailey_axe_of_yendor_kennysheep, bailey

Skill      XL: |  1  2  3  4  5  6  7  8  9 |
---------------+----------------------------+-----
Armour         | 1 3 4 5 6 |  6.8
Fighting       | 4 5 6 7 8 |  8.5
Polearms       | 4 |  4.0
Dodging        | 3 4 5 |  5.8
Invocations    | 3 6 8 |  8.8
Shields        | 1 5 |  5.3

Action                     |  1- 3 |  4- 6 |  7- 9 | 10-12 || total
---------------------------+-------+-------+-------+-------++-------
  Melee: Spear             |    68 |       |       |       ||    68
         Short sword       |    33 |       |       |       ||    33
         Dagger            |    15 |    76 |   271 |    30 ||   392
  Throw: Dart              |       |       |     5 |       ||     5
 Invoke: Convert to Beogh  |       |     1 |       |       ||     1
         Smiting           |       |       |     3 |       ||     3
    Use: Scroll            |     1 |     4 |     3 |       ||     8
   Stab: Distracted        |       |       |       |     1 ||     1
 Armour: Robe              |     3 |       |       |       ||     3
         Ring mail         |    29 |       |       |       ||    29
         Plate armour      |     6 |    30 |   170 |     9 ||   215
  Dodge: Dodged            |    60 |    25 |    88 |     9 ||   182
  Block: Buckler           |       |       |    24 |    12 ||    36
